 Dungeon Crawl Stone Soup version 0.29-a0-553-g81b289dbe5 (webtiles) character file.

Game seed: 15054695576336713281

26582 Aridian the Severer (level 13, 0/80 HPs)
             Began as a Gargoyle Fighter on June 6, 2022.
             Was a High Priest of the Shining One.
             Slain by a 17-headed hydra (7 damage)
             ... on level 14 of the Dungeon.
             The game lasted 01:32:00 (15975 turns).

Aridian the Severer (Gargoyle Fighter)             Turns: 15975, Time: 01:32:01

Health: 0/80       AC: 33    Str: 32    XL:     13   Next: 26%
Magic:  13/13      EV: 23    Int: 10    God:    the Shining One [*****.]
Gold:   1022       SH:  5    Dex:  9    Spells: 12/12 levels left

rFire   + + .      SeeInvis .   p - +10 war axe "Cur Wogo" {protect, rF+ Will- Str+2}
rCold   . . .      Faith    .   c - +0 buckler
rNeg    + + +      Spirit   .   O - +1 plate armour {rF+}
rPois   ∞          Reflect  .   w - +0 helmet
rElec   +          Harm     .   (no cloak)
rCorr   .          Rampage  .   (no gloves)
Will    .....                   (no boots)
Stlth   ..........              Q - amulet of the acrobat
HPRegen 0.23/turn               E - ring of flight
MPRegen 0.13/turn               b - +6 ring of strength

@: under a protective aura, acrobatic, flying, glowing
A: sickness immunity, AC +9, negative energy resistance 1, electricity
resistance, torment resistance 1, petrification resistance
a: Renounce Religion, Divine Shield, Cleansing Flame, Summon Divine Warrior


You were on level 14 of the Dungeon.
You worshipped the Shining One.
The Shining One was extremely pleased with you.
You visited 1 branch of the dungeon, and saw 14 of its levels.

You collected 1266 gold pieces.
You spent 244 gold pieces at shops.

Inventory:

Hand Weapons
 n - a +2 hunting sling
 p - the +10 war axe "Cur Wogo" (weapon) {protect, rF+ Will- Str+2}
   (You found it on level 2 of the Dungeon)

   It grants its wielder temporary protection when it strikes (+7 to AC).
   Str:       It affects your strength (+2).
   rF:        It protects you from fire.
   Will:      It decreases your willpower.
 H - a +4 short sword
 L - a +2 battleaxe
 M - a +3 scimitar of flaming
 Y - a +2 shortbow of venom
Missiles
 x - 436 stones
 z - 47 poisoned darts (quivered)
 N - 5 curare-tipped darts
Armour
 a - a +0 troll leather armour
 c - a +0 buckler (worn)
 w - a +0 helmet (worn)
 A - +0 steam dragon scales
 F - +0 acid dragon scales
 O - a +1 plate armour of fire resistance (worn)
Jewellery
 b - a +6 ring of strength (right hand)
 j - a ring of ice
 o - a ring of positive energy
 q - a ring of protection from fire
 y - a ring of magical power
 E - a ring of flight (left hand)
 Q - an amulet of the acrobat (around neck)
Wands
 v - a wand of paralysis (12)
 C - a wand of mindburst (3)
 I - a wand of charming (4)
 K - a wand of iceblast (33)
Scrolls
 d - a scroll of magic mapping
 e - 3 scrolls of enchant weapon
 i - 7 scrolls of identify
 m - 3 scrolls of amnesia
 r - 2 scrolls of poison
 s - 5 scrolls of teleportation
 V - a scroll of noise
 X - a scroll of silence
Potions
 f - a potion of curing
 g - 3 potions of degeneration {unknown}
 h - 5 potions of flight
 k - 3 potions of brilliance
 t - 2 potions of lignification
 G - a potion of cancellation
 P - 2 potions of heal wounds {unknown}
 R - a potion of magic {unknown}
 S - a potion of attraction {unknown}
 U - 5 potions of might
 W - a potion of haste
Miscellaneous
 Z - a phial of floods


   Skills:
 + Level 9.5 Fighting
 * Level 16.3 Axes
 - Level 2.7(11.9) Maces & Flails
 + Level 0.7(1.0) Slings
 + Level 0.6(0.9) Throwing
 + Level 9.5 Armour
 + Level 2.0 Dodging
 + Level 6.2 Shields


You had 12 spell levels left.
You didn't know any spells.
Your spell library contained the following spells:

 Spells                   Type           Power      Damage    Failure   Level
 Apportation              Tloc           0%         N/A       97%         1
 Foxfire                  Conj/Fire      0%         2x1d4     97%         1
 Freeze                   Ice            0%         1d3       97%         1
 Magic Dart               Conj           0%         1d3       97%         1
 Necrotize                Necr           0%         1d4       97%         1
 Summon Small Mammal      Summ           0%         N/A       97%         1
 Call Imp                 Summ           0%         N/A       99%         2
 Static Discharge         Conj/Air       0%         N/A       99%         2
 Call Canine Familiar     Summ           0%         N/A       100%        3
 Conjure Flame            Conj/Fire      0%         6-21      100%        3
 Dazzling Flash           Conj/Hex       0%         N/A       100%        3
 Frozen Ramparts          Ice            0%         1d2       100%        3
 Gell's Gravitas          Tloc           0%         N/A       100%        3
 Inner Flame              Hex/Fire       0%         N/A       100%        3
 Mephitic Cloud           Conj/Pois/Air  0%         N/A       100%        3
 Summon Guardian Golem    Hex/Summ       0%         N/A       100%        3
 Teleport Other           Tloc           0%         N/A       100%        3
 Dispel Undead            Necr           0%         3d6       100%        4
 Flame Wave               Conj/Fire      0%         2d4       100%        4
 Fulminant Prism          Conj/Hex       0%         3d6       100%        4
 Hailstorm                Conj/Ice       0%         3d3       100%        4
 Iskenderun's Mystic Bla  Conj/Tloc      0%         2d3       100%        4
 Petrify                  Tmut/Erth      0%         N/A       100%        4
 Sticky Flame             Conj/Fire      0%         2d3       100%        4
 Freezing Cloud           Conj/Ice/Air   0%         6-21      100%        5
 Irradiate                Conj/Tmut      0%         3d13      100%        5
 Lee's Rapid Deconstruct  Erth           0%         3d5*      100%        5
 Lightning Bolt           Conj/Air       0%         1d11      100%        5
 Dispersal                Tloc           0%         N/A       100%        6
 Starburst                Conj/Fire      0%         6d3       100%        6
 Orb of Destruction       Conj           0%         9d5       100%        7
 Ozocubu's Refrigeration  Ice            0%         4d5       100%        7
 Spellforged Servitor     Conj/Summ      0%         N/A       100%        7
 Maxwell's Capacitive Co  Air            0%         ∞         100%        8
 Sublimation of Blood     Necr           Unusable   N/A       N/A         2

Dungeon Overview and Level Annotations

Branches:
Dungeon (14/15)            Temple (0/1) D:7            Lair (0/6) D:11
    Orc (0/2) D:12
 Vaults: D:13-14

Altars:
Cheibriados
Gozag
Hepliaklqana
Nemelex Xobeh
Qazlal
Wu Jian
The Shining One

Shops:
D:4 *   D:9 ?   D:11 *   D:12 *

Annotations:
D:14 Frances


Innate Abilities, Weirdness & Mutations

You are immune to sickness and miasma.
Your stone body is resilient. (AC +9)
You are immune to poison.
You resist negative energy. (rN+)
You are resistant to electric shocks. (rElec)
You are resistant to unholy torment.
You are immune to petrification.


Message History

The 14-headed hydra completely misses you.
The 14-headed hydra bites you!
The 14-headed hydra bites you but does no damage. x2
The 14-headed hydra barely misses you.
The 14-headed hydra bites you but does no damage. x2
You chop one of the 14-headed hydra's heads off!
The 13-headed hydra grows two more!
You hit the 15-headed hydra.
The 15-headed hydra is heavily wounded.
You slice one of the 15-headed hydra's heads off!
The 14-headed hydra grows two more!
You slash the 16-headed hydra!
The 16-headed hydra is heavily wounded.
The 16-headed hydra bites you but does no damage. x2
The 16-headed hydra bites you! The 16-headed hydra barely misses you.
You block the 16-headed hydra's attack. The 16-headed hydra barely misses you.
The 16-headed hydra bites you but does no damage.
The 16-headed hydra bites you.
The 16-headed hydra bites you but does no damage. x8
You chop one of the 16-headed hydra's heads off!
The 15-headed hydra grows two more!
You slash the 17-headed hydra!
The 17-headed hydra is moderately wounded.
The 17-headed hydra closely misses you.
The 17-headed hydra bites you but does no damage. x6
The 17-headed hydra barely misses you.
The 17-headed hydra bites you but does no damage.
You block the 17-headed hydra's attack.
The 17-headed hydra bites you but does no damage. x2
The 17-headed hydra closely misses you.
The 17-headed hydra bites you but does no damage. x4
The 17-headed hydra attacks as you move away!
The 17-headed hydra bites you but does no damage.
The 17-headed hydra misses you. The 17-headed hydra bites you!
* * * LOW HITPOINT WARNING * * *
The 17-headed hydra bites you but does no damage.
The 17-headed hydra completely misses you.
The 17-headed hydra bites you but does no damage. x2
The 17-headed hydra bites you!
* * * LOW HITPOINT WARNING * * *
The 17-headed hydra completely misses you.
You block the 17-headed hydra's attack. The 17-headed hydra bites you!
You die...

######
......#######
............##
........<....##
..............#
..............#
.......@......#
.......D......#
.....$........#
#####........##
#..........#
#..........#
...........#
##..........#
.....:.....#


You could see a 17-headed hydra.

Vanquished Creatures
  The ghost of NYM the Tainted, a journeyman DsDe of Yredelemnul (D:9)
  3 boulder beetles
  3 centaur warriors
  Erica (D:8)
  3 two-headed ogres
  5 hell knights (D:10)
  Lodul (D:12)
  2 necromancers (D:10)
  A deep elf pyromancer (D:13)
  A cyclops (D:12)
  2 manticores
  Maggie (D:7)
  A gargoyle (D:10)
  A komodo dragon (D:11)
  7 trolls
  4 slime creatures (D:13)
  A vampire (D:11)
  3 shadows
  A basilisk (D:12)
  4 fire bats (D:8)
  7 vampire mosquitoes
  5 yaks (D:11)
  3 wraiths
  5 steam dragons
  8 hell hounds
  4 water moccasins
  2 acid dragons
  Duvessa (D:4)
  5 ice beasts
  7 orc warriors
  A black bear (D:6)
  7 ogres
  4 phantoms
  11 centaurs
  4 kobold brigands
  4 bullfrogs
  4 scorpions
  2 necrophages
  7 wights (D:7)
  Dowan (D:4)
  4 killer bees (D:8)
  3 electric eels (D:6)
  4 howler monkeys
  2 lava snakes (D:8)
  6 hounds
  A gnoll shaman (D:8)
  2 jellies
  8 orc priests
  4 iguanas
  11 orc wizards
  7 gnolls (D:8)
  8 adders
  2 shadow imps
  A white imp (D:6)
  2 ufetubi
  A worm (D:3)
  2 dart slugs (D:1)
  50 orcs
  6 endoplasms
  3 giant cockroaches
  11 goblins
  10 hobgoblins
  5 quokkas
  6 ball pythons
  A bat (D:2)
  3 frilled lizards
  35 kobolds
  7 rats
343 creatures vanquished.

Vanquished Creatures (others)
  A gnoll (D:8)
  24 plants
25 creatures vanquished.

Grand Total: 368 creatures vanquished

Notes
Turn   | Place    | Note
-------+----------+-------------------------------------------
     0 | D:1      | Aridian the Gargoyle Fighter began the quest for the Orb.
     0 | D:1      | Reached XP level 1. HP: 14/14 MP: 1/1
    94 | D:1      | Reached XP level 2. HP: 8/19 MP: 2/2
   815 | D:1      | Reached XP level 3. HP: 22/23 MP: 3/3
  1542 | D:1      | Found a faded altar of an unknown god.
  2416 | D:2      | Identified the +10 war axe "Cur Wogo" {protect, rF+ Will-
                  | Str+2}
  2721 | D:3      | Identified the +1 ring mail of the Comet {rF+ Int+4}
  2722 | D:3      | Reached XP level 4. HP: 29/29 MP: 4/4
  3145 | D:3      | You fall into a shaft and drop 1 floor!
  3159 | D:4      | Noticed Dowan
  3159 | D:4      | Noticed Duvessa
  3168 | D:4      | Killed Dowan
  3169 | D:4      | Reached skill level 1 in Axes
  3169 | D:4      | Reached XP level 5. HP: 17/33 MP: 5/5
  3172 | D:4      | Killed Duvessa
  3173 | D:4      | Reached skill level 3 in Axes
  3173 | D:4      | Reached XP level 6. HP: 15/38 MP: 6/6
  3381 | D:4      | Identified the +6 whip of Buochuc {vamp, Str+2 Stlth+}
  3403 | D:4      | Found Cusirph's General Store.
  3416 | D:4      | Reached skill level 1 in Dodging
  3417 | D:4      | Reached skill level 4 in Axes
  3534 | D:4      | Found a glowing golden altar of the Shining One.
  3538 | D:4      | Found a hazy altar of Hepliaklqana.
  3551 | D:4      | Reached XP level 7. HP: 37/42 MP: 7/7
  3611 | D:4      | Found a snail-covered altar of Cheibriados.
  3789 | D:4      | Found a sand-covered staircase.
  4316 | D:4      | Became a worshipper of the Shining One
  4357 | D:5      | Entered Level 5 of the Dungeon
  4421 | D:5      | Reached skill level 5 in Axes
  4621 | D:5      | Reached skill level 5 in Armour
  4660 | D:5      | Reached XP level 8. HP: 45/48 MP: 8/8
  4710 | D:5      | Reached skill level 6 in Axes
  5093 | D:5      | Reached * piety under the Shining One
  5096 | D:5      | Reached skill level 7 in Axes
  5570 | D:6      | Reached skill level 8 in Axes
  5570 | D:6      | Reached XP level 9. HP: 52/52 MP: 9/9
  6365 | D:6      | Got the Almanac of the Congealing Volcanoes
  6401 | D:6      | Reached skill level 9 in Axes
  6406 | D:6      | Reached skill level 5 in Fighting
  6411 | D:6      | Reached skill level 5 in Shields
  6742 | D:7      | Reached skill level 10 in Axes
  6793 | D:7      | Found a staircase to the Ecumenical Temple.
  6808 | D:7      | Reached XP level 10. HP: 59/59 MP: 10/10
  6848 | D:7      | Reached ** piety under the Shining One
  6909 | D:7      | Noticed Maggie
  6928 | D:7      | Killed Maggie
  7757 | D:8      | Noticed Erica
  7771 | D:8      | Killed Erica
  7772 | D:8      | Reached skill level 11 in Axes
  8541 | D:8      | Reached skill level 12 in Axes
  8769 | D:8      | Found an opulent altar of Gozag.
  9177 | D:9      | Found Wesiec's Magic Scroll Boutique.
  9182 | D:9      | Bought a scroll of teleportation for 48 gold pieces
  9214 | D:9      | Reached XP level 11. HP: 64/64 MP: 11/11
  9218 | D:9      | Found a runed translucent gate.
  9218 | D:9      | Found a runed translucent gate.
  9218 | D:9      | Found a runed translucent gate.
  9218 | D:9      | Noticed NYM's ghost (journeyman DsDe)
  9429 | D:9      | Noticed a two-headed ogre
  9439 | D:9      | Killed a two-headed ogre
  9712 | D:9      | Found a sparkling altar of Nemelex Xobeh.
  9916 | D:9      | Killed NYM's ghost
 10046 | D:10     | Entered Level 10 of the Dungeon
 10089 | D:10     | Reached *** piety under the Shining One
 10278 | D:10     | Noticed a two-headed ogre
 10286 | D:10     | Killed a two-headed ogre
 10732 | D:10     | Reached skill level 13 in Axes
 11068 | D:10     | Found an ornate altar of the Wu Jian Council.
 11478 | D:10     | Noticed a necromancer
 11487 | D:10     | Noticed a hell knight
 11488 | D:10     | Noticed a necromancer
 11489 | D:10     | Noticed a hell knight
 11494 | D:10     | Noticed a hell knight
 11513 | D:10     | Noticed a hell knight
 11524 | D:10     | Killed a hell knight
 11570 | D:10     | Reached **** piety under the Shining One
 11659 | D:10     | Killed a hell knight
 11662 | D:10     | Killed a necromancer
 11666 | D:10     | Killed a necromancer
 11667 | D:10     | Reached skill level 14 in Axes
 11667 | D:10     | Reached XP level 12. HP: 73/73 MP: 12/12
 11674 | D:10     | Killed a hell knight
 11686 | D:10     | Killed a hell knight
 11792 | D:10     | Noticed a hell knight
 11800 | D:10     | Killed a hell knight
 12101 | D:11     | Noticed a boulder beetle
 12111 | D:11     | Killed a boulder beetle
 12808 | D:11     | Noticed a two-headed ogre
 12811 | D:11     | Killed a two-headed ogre
 12937 | D:11     | Found Wocim's Serpentskin Sales.
 12950 | D:11     | Bought 2 poisoned darts for 11 gold pieces
 12950 | D:11     | Bought 4 curare-tipped darts for 33 gold pieces
 13128 | D:11     | Found a staircase to the Lair.
 13146 | D:11     | Reached skill level 15 in Axes
 13215 | D:12     | Found Sihaskab's Assorted Antiques.
 13223 | D:12     | Bought a potion of might for 152 gold pieces
 13284 | D:12     | Noticed a boulder beetle
 13315 | D:12     | Killed a boulder beetle
 13344 | D:12     | Found a staircase to the Orcish Mines.
 13586 | D:12     | Noticed Lodul
 13594 | D:12     | Killed Lodul
 13773 | D:12     | Found a stormy altar of Qazlal.
 14079 | D:12     | Noticed a boulder beetle
 14099 | D:12     | Killed a boulder beetle
 14388 | D:13     | Reached XP level 13. HP: 69/80 MP: 13/13
 14481 | D:13     | Reached skill level 16 in Axes
 15491 | D:14     | Reached ***** piety under the Shining One
 15521 | D:14     | Noticed Frances
 15535 | D:14     | HP: 2/80 [ice devil[Frances] (9)]
 15975 | D:14     | Slain by a 17-headed hydra

Illustrated notes

Levels and vault maps discovered:
D:1:      minmay_arrival_solitary_statue, layout_loops_ring,
          chequers_ecumenical_altar_lobes, serial_bayou, serial_bayou_crossing,
          serial_bayou_shore_a, serial_bayou_ford_a, serial_bayou_pond_d,
          minmay_misc_feat_more_columns, minivault_25, st_stairs_4,
          minmay_strange_pillars
D:2:      layout_basic
D:3:      layout_basic, serial_glass, glass_columns_b, glass_columns_b,
          wander_ebering_terrifying_dragon_lair
D:4:      layout_basic, mainiacjoe_overflow_concentric_impassable,
          grunt_temple_overflow_open, serial_shops,
          nicolae_shop_competitors_out_of_business, nicolae_ossuary_entry_ruins,
          uniq_duvessa
D:5:      layout_loops_ring
D:6:      minmay_diamond_boxcup, layout_basic, serial_bayou_lagoon_b
D:7:      layout_loops_cross, minmay_temple_entry_glass, uniq_maggie
D:8:      nicolae_cairo_tiling_large, layout_basic, grunt_gozag_statues,
          grunt_ministairs_4, fountainhead, minmay_misc_feat_columns,
          hangedman_incinerator, uniq_erica
D:9:      layout_basic, nemelex_spade_bored_becter, serial_shops, shop,
          ebering_ghost_rock_garden
D:10:     layout_layer_cave, mainiacjoe_overflow_catwalk, minmay_rotating_lava
D:11:     hellmonk_crumbling_castle, layout_loops_ring, david_lair_shrubbed,
          guppyfry_shop_venom
D:12:     layout_basic, hiddenorc1_lemuel, serial_shops, nicolae_diamond_shop,
          nicolae_qazlal_style_of_elements, uniq_lodul
D:13:     layout_long_grid
D:14:     layout_rooms, hangedman_vaults_entry_quadrant_bands, enter_trove_1,
          uniq_frances

Skill      XL: |  1  2  3  4  5  6  7  8  9 10 11 12 13 |
---------------+----------------------------------------+-----
Armour         | 4 5 6 7 8 9 |  9.5
Axes           | 1 3 4 5 8 10 12 14 15 16 | 16.3
Dodging        | 1 2 |  2.0
Fighting       | 4 5 6 7 9 |  9.5
Shields        | 4 5 6 |  6.2
Maces & Flails | |  2.7
Slings         | |  0.7
Throwing       | |  0.6

Action                   |  1- 3 |  4- 6 |  7- 9 | 10-12 | 13-15 || total
-------------------------+-------+-------+-------+-------+-------++-------
Melee: Flail             |   156 |       |       |       |       ||   156
       War axe           |    14 |    45 |   185 |   420 |    61 ||   725
 Fire: Hunting sling     |       |       |       |     3 |       ||     3
Throw: Dart              |       |       |       |     2 |       ||     2
  Use: Potion            |       |     3 |     3 |       |     4 ||    10
       Scroll            |       |     1 |       |     7 |     7 ||    15
Armor: Scale mail        |    88 |    36 |    46 |       |       ||   170
       Chain mail        |       |       |    17 |       |       ||    17
       Plate armour      |       |       |    64 |   213 |   124 ||   401
Dodge: Dodged            |    56 |    20 |    74 |   152 |    94 ||   396
Block: Buckler           |    38 |    15 |    39 |    68 |    39 ||   199

Table legend: (Time is in decaauts)
 A = Elapsed time spent in this place.
 B = Non-inter-level travel time spent in this place.
 C = Inter-level travel time spent in this place.
 D = Time resting spent in this place.
 E = Time spent auto-exploring this place.
 F = Levels seen in this place.
 G = Mean time per level.
                   A        B        C        D        E       F      G
               +--------+--------+--------+--------+--------+-----+--------+
         Total |  16052 |  15740 |    312 |   3137 |   7252 |  14 | 1146.6 |
       Dungeon |  16052 |  15740 |    312 |   3137 |   7252 |  14 | 1146.6 |
               +--------+--------+--------+--------+--------+-----+--------+

Top non-repeatable levels by time:
    D:10: 2041 daAuts
     D:1: 1755 daAuts
    D:13: 1509 daAuts
     D:6: 1357 daAuts
     D:8: 1289 daAuts
     D:4: 1230 daAuts
    D:12: 1150 daAuts
     D:9: 1098 daAuts
    D:11: 1087 daAuts
     D:7: 1003 daAuts
     D:2: 989 daAuts
     D:5: 968 daAuts
     D:3: 498 daAuts
    D:14: 73 daAuts
